 Dungeon Crawl Stone Soup version 0.16-a0-3354-g045d5c7 (console) character file.

544 demolich the Vexing (level 7, -2/47 HPs)
             Began as a Demonspawn Enchanter on Dec 29, 2014.
             Slain by Duvessa
             ... wielding a +0 rapier
              (12 damage)
             ... on level 4 of the Dungeon.
             The game lasted 00:13:21 (2695 turns).

demolich the Vexing (Demonspawn Enchanter)          Turns: 2695, Time: 00:13:21

Health: -2/47      AC:  6    Str:  8    XL:     7   Next: 6%
Magic:  15/15      EV: 19    Int: 19    God:
Gold:   120        SH:  0    Dex: 18    Spells: 3 memorised, 7 levels left

rFire  . . .     SeeInvis .     a - +1 dagger
rCold  . . .     Clarity  .     b - +1 robe
rNeg   + . .     SustAb   .     (no shield)
rPois  .         Gourm    .     (no helmet)
rElec  .         Spirit   .     (no cloak)
rCorr  .         Warding  +     r - +2 pair of gloves
rMut   .         Stasis   .     (no boots)
MR     .....                    p - amulet of warding
Stlth  ++++++....               t - ring of wizardry
                                k - ring of stealth

@: agile, not resistant to hostile enchantments, very stealthy
A: talons 2, nightstalker 1
a: no special abilities


You were on level 4 of the Dungeon.
You were not hungry.

You visited 1 branch of the dungeon, and saw 4 of its levels.

You collected 120 gold pieces.

Inventory:

Hand weapons
 a - a +1 dagger (weapon)
 x - a +0 hunting sling
Missiles
 e - 22 stones
 f - 15 poisoned needles
 g - 5 tomahawks (quivered)
 q - 10 silver sling bullets
Armour
 b - a +1 robe (worn)
 r - a +2 pair of gloves (worn)
Jewellery
 k - a ring of stealth (left hand)
 o - an uncursed amulet of resist corrosion
 p - an amulet of warding (around neck)
 t - a ring of wizardry (right hand)
Scrolls
 i - 3 scrolls of identify
 j - 3 scrolls of immolation
 l - a scroll of remove curse
 n - a scroll of recharging
 v - a scroll of random uselessness {unknown}
Potions
 m - 2 potions of ambrosia
Books
 c - a book of Maledictions

   Spells                             Type                      Level
   a - Corona                         Hexes                        1
   b - Sure Blade                     Hexes/Charms                 2
   c - Ensorcelled Hibernation        Hexes/Ice                    2
   d - Confuse                        Hexes                        3
   e - Dazzling Spray                 Conjuration/Hexes            3
   f - Enslavement                    Hexes                        4
Comestibles
 d - 3 bread rations
 A - 4 fruits
 B - 2 chunks of flesh


   Skills:
 - Level 0.8 Fighting
 * Level 2.8 Short Blades
 - Level 0.5 Throwing
 + Level 3.2 Dodging
 * Level 3.7 Stealth
 + Level 3.6 Spellcasting
 * Level 4.9 Hexes


You had 7 spell levels left.
You knew the following spells:

 Your Spells              Type           Power        Failure   Level  Hunger
a - Corona                Hex            ###....      1%          1    None
c - Confuse               Hex            ###.....     3%          3    ###....
x - Sure Blade            Hex/Chrm       ##........   4%          2    ##.....


Dungeon Overview and Level Annotations

Branches:
Dungeon (4/15)
 Temple: D:4-7

Altars:
Elyvilon
Vehumet

Annotations:
D:4 Duvessa


Innate Abilities, Weirdness & Mutations

You have razor-sharp toenails.
You are slightly more attuned to the shadows.


Message History

Dowan is almost dead.
Duvessa barely misses you.
You hit Dowan but do no damage. You claw Dowan, but do no damage.
Dowan is almost dead.
Dowan zaps a wand.
You resist with some effort. Duvessa misses you.
Unknown command.
You hit Dowan.
You kill Dowan!
Duvessa weeps, then rights herself and shakes her weapon.
Duvessa goes berserk!
You have reached level 7!
Duvessa hits you with a rapier!
* * * LOW HITPOINT WARNING * * *
Read which item? (? for menu, Esc to quit)
As you read the scroll labeled ATZIFU JUUGEBU, it crumbles to dust.
Forget which spell ([?*] list [ESC] exit)?
Forget which spell ([?*] list [ESC] exit)?
Okay, then.
It was a scroll of amnesia.
Duvessa hits you with a rapier!
You die...

. #.# .. #?# ####
##..# ######.<## #e.#
##........# . ##@.#
#.........# ... #).##
#.........> .....##..#
#.......... #...!.##
#.......... ##....##
##......... #.....####
#.........
#.###....#####........
#.# ####...###........
.# ###............


You could see Duvessa (berserk).

Vanquished Creatures
  Edmund (D:4)
  An ogre (D:4)
  A black bear (D:4)
  Dowan (D:4)
  An orc wizard (D:3)
  3 orc priests
  4 adders
  A giant mite (D:3)
  A giant gecko (D:3)
  6 orcs
  A ball python (D:2)
  10 goblins
  4 hobgoblins
  6 kobolds
  3 oozes
  3 quokkas
  6 bats
  6 giant cockroaches
  4 giant newts
  7 jackals
  A quokka skeleton (D:3)
  4 rats (D:3)
75 creatures vanquished.

Notes
Turn   | Place    | Note
--------------------------------------------------------------
     0 | D:1      | demolich, the Demonspawn Enchanter, began the quest for the Orb.
     0 | D:1      | Reached XP level 1. HP: 13/13 MP: 3/3
     0 | D:1      | welcome!
     0 | D:1      | let me go...
   467 | D:1      | Gained mutation: You have sharp toenails. [demonic ancestry]
   467 | D:1      | Reached XP level 2. HP: 10/19 MP: 2/4
   747 | D:1      | Reached skill level 1 in Short Blades
  1012 | D:2      | Gained mutation: You are slightly more attuned to the shadows. [demonic ancestry]
  1012 | D:2      | Reached XP level 3. HP: 12/24 MP: 3/6
  1044 | D:2      | Found a white marble altar of Elyvilon.
  1091 | D:2      | Found a radiant altar of Vehumet.
  1187 | D:2      | Learned a level 3 spell: Confuse
  1197 | D:2      | Learned a level 2 spell: Sure Blade
  1706 | D:3      | Reached XP level 4. HP: 24/31 MP: 6/8
  1883 | D:3      | Reached skill level 4 in Hexes
  1939 | D:3      | Gained mutation: You have razor-sharp toenails. [demonic ancestry]
  1939 | D:3      | Reached XP level 5. HP: 30/36 MP: 3/11
  2443 | D:4      | Noticed Edmund
  2476 | D:4      | Killed Edmund
  2476 | D:4      | Reached XP level 6. HP: 14/42 MP: 4/13
  2499 | D:4      | Noticed a black bear
  2525 | D:4      | Noticed Dowan
  2627 | D:4      | Killed a black bear
  2651 | D:4      | Noticed an ogre
  2660 | D:4      | Killed an ogre
  2683 | D:4      | Noticed Duvessa
  2694 | D:4      | Killed Dowan
  2694 | D:4      | Reached XP level 7. HP: 17/47 MP: 15/15
  2695 | D:4      | Slain by Duvessa

Action                   |  1- 3 |  4- 6 |  7- 9 || total
-------------------------+-------+-------+-------++-------
Melee: Dagger            |   163 |   179 |       ||   342
Throw: Tomahawk          |    15 |     5 |       ||    20
       Stone             |     8 |       |       ||     8
 Cast: Corona            |    51 |    21 |       ||    72
       Confuse           |     2 |    12 |       ||    14
  Use: Potion            |     2 |     7 |       ||     9
       Scroll            |     1 |     3 |     1 ||     5
 Stab: Sleeping          |     1 |     6 |       ||     7
       Confused          |       |     2 |       ||     2
  Eat: Chunk             |     3 |     5 |       ||     8
